 Dungeon Crawl Stone Soup version 0.31.0-11-ge490571c62 (webtiles) character file.

Game seed: 7688979626149570775

300 Flugkiller the Firebug (level 6, -2/45 HPs)
             Began as a Ghoul Fire Elementalist on Jan 29, 2024.
             Was an Initiate of Vehumet.
             Slain by Pikel
             ... wielding a +2 whip of electrocution
              (6 damage)
             ... on level 4 of the Dungeon.
             The game lasted 00:03:14 (2696 turns).

Flugkiller the Firebug (Ghoul Fire Elementalist)    Turns: 2696, Time: 00:03:14

Health: -2/45      AC:  3    Str: 18    XL:     6   Next: 36%
Magic:  6/10       EV: 12    Int: 16    God:    Vehumet [......]
Gold:   178        SH:  0    Dex:  9    Spells: 5/11 levels left

rFire   . . .        h - +1 dagger (venom)
rCold   + . .        (no shield)
rNeg    + + +        a - +1 robe
rPois   ∞            (no helmet)
rElec   .            (no cloak)
rCorr   .            (no gloves)
SInv    .            (no boots)
Will    .....        i - amulet of regeneration
Stlth   ++           k - +6 ring of strength
HPRegen 0.00/turn    (no ring)
MPRegen 0.12/turn

%: no passive effects
@: very slightly contaminated, inhibited regen
A: claws 1, cold resistance 1, negative energy resistance 3, inhibited
regeneration, torment resistance 2, devour on kill
a: Renounce Religion


You were on level 4 of the Dungeon.
You worshipped Vehumet.
Vehumet was noncommittal.
You visited 1 branch of the dungeon, and saw 4 of its levels.

You collected 234 gold pieces.
You spent 56 gold pieces at shops.

Inventory:

Hand Weapons
 h - a +1 dagger of venom (weapon)
   (You took it off a kobold on level 2 of the Dungeon)
Armour
 a - a +1 robe (worn)
Jewellery
 i - an amulet of regeneration (around neck)
   (You found it on level 3 of the Dungeon)
 k - a +6 ring of strength (left claw)
   (You found it on level 4 of the Dungeon)
Scrolls
 c - a scroll of amnesia
 d - a scroll of enchant weapon {unknown}
 f - a scroll of enchant armour
 n - a scroll of fog {unknown}
 r - 2 scrolls of identify
 t - 5 scrolls of teleportation
Potions
 b - a potion of magic
 e - a potion of attraction {unknown}
 g - a potion of resistance {unknown}
 j - a potion of haste {unknown}
 l - a potion of heal wounds {unknown}
 m - a potion of brilliance {unknown}


   Skills:
 - Level 1.7 Dodging
 - Level 2.1 Stealth
 + Level 3.1 Spellcasting
 + Level 2.4 Conjurations
 * Level 4.4 Fire Magic


You had 5 spell levels left.
You knew the following spells:

 Your Spells              Type           Power      Damage    Failure   Level
a - Foxfire               Conj/Fire      52%        2x1d6     4%          1
b - Scorch                Fire           32%        2d6       4%          2
c - Inner Flame           Hex/Fire       9%         N/A       22%         3

Your spell library contained the following spells:

 Spells                   Type           Power      Damage    Failure   Level
 Sting                    Conj/Alch      24%        1d4       11%         1
 Apportation              Tloc           4%         N/A       19%         1
 Necrotise                Necr           8%         1d4       19%         1
 Summon Small Mammal      Summ           8%         N/A       19%         1
 Volatile Blastmotes      Fire/Tloc      18%        2d11      22%         3
 Flame Wave               Conj/Fire      13%        2d6       41%         4


Dungeon Overview and Level Annotations

Branches:
Dungeon (4/15) Zot: 21304
 Temple: D:4-7

Altars:
Gozag
Hepliaklqana
Kikubaaqudgha
Ru
Sif Muna
Vehumet
Xom

Shops:
D:2 *

Annotations:
D:4 Pikel


Innate Abilities, Weirdness & Mutations

You are immune to poison.
You have sharp fingernails.
Your flesh is cold resistant. (rC+)
You are immune to negative energy. (rN+++)
You do not regenerate when monsters are visible.
You are immune to unholy pain and torment.
You thrive by killing the living.


Message History

The foxfire hits the orc but does no damage.
The orc is lightly wounded.
The foxfire hits the orc.
The orc is severely wounded.
The orc closely misses you.
You hit the orc but do no damage.
The orc looks even sicker.
The orc is severely wounded.
The orc hits you with a +0 falchion.
You barely miss the orc.
The orc is severely wounded.
The orc closely misses you.
You hit the orc but do no damage.
The orc looks as sick as possible!
The orc is severely wounded.
You kill the orc!
Vehumet accepts your kill.
No target in view!
Things that are here:
a +0 falchion; a +0 chain mail
Found a stone staircase leading up.
You now have 176 gold pieces (gained 15).
Things that are here:
a +0 falchion; a +0 chain mail
n - a scroll labelled WOIVAM VIRCHUOHUSTRE
Things that are here:
a +0 falchion; a +0 chain mail You now have 178 gold pieces (gained 2).
There is a stone staircase leading up here.
Things that are here:
a +0 falchion; a +0 chain mail A lemure comes into view.
Unknown command.
A lemure is nearby!
A lemure is nearby!
The lemure closely misses you.
You closely miss the lemure. The lemure hits you.
You closely miss the lemure. The lemure barely misses you.
You barely miss the lemure. The lemure hits you but does no damage.
You hit the lemure but do no damage. The lemure hits you!
You closely miss the lemure. The lemure barely misses you.
You hit the lemure but do no damage.
The lemure is poisoned.
The lemure hits you.
You closely miss the lemure.
The lemure is lightly wounded.
The lemure misses you.
You closely miss the lemure.
The lemure is lightly wounded.
The lemure barely misses you.
You hit the lemure.
The lemure looks as sick as possible!
The lemure is moderately wounded.
The lemure closely misses you.
You closely miss the lemure.
The lemure is moderately wounded.
The lemure hits you.
You hit the lemure.
The lemure looks as sick as possible!
The lemure is moderately wounded.
The lemure hits you.
You closely miss the lemure.
The lemure is moderately wounded.
The lemure hits you.
Casting: Foxfire (safe; 4% risk of failure)
Confirm with . or Enter, or press ? or * to list all spells.
Flames lash the lemure but do no damage.
You hear a shout! x2
The lemure misses you.
Casting: Scorch (safe; 4% risk of failure)
Confirm with . or Enter, or press ? or * to list all spells.
You miscast Scorch.
You are very lightly contaminated with residual magic.
Nothing appears to happen.
Pikel, Merchant of Souls comes into view.
He is wielding a +2 whip of electrocution.
The lemure hits you!
* * * LOW HITPOINT WARNING * * *
Casting: Scorch (safe; 4% risk of failure)
Confirm with . or Enter, or press ? or * to list all spells.
Flames lash Pikel.
Pikel is lightly wounded.
Pikel's fire resistance burns away.
Unknown command.
You feel better. Magic courses through your body. Pikel closely misses you.
Casting: Scorch (safe; 4% risk of failure)
Confirm with . or Enter, or press ? or * to list all spells.
Flames lash the lemure.
The lemure is severely wounded.
The lemure's fire resistance burns away.
Pikel is no longer more vulnerable to fire.
Pikel hits you with a +2 whip of electrocution!
* * * LOW HITPOINT WARNING * * *
Casting: Scorch (safe; 4% risk of failure)
Confirm with . or Enter, or press ? or * to list all spells.
Flames lash the lemure.
The lemure is burned terribly!
You kill the lemure!
That felt strangely unrewarding.
A lemure comes into view.
Pikel hits you with a +2 whip of electrocution!
* * * LOW HITPOINT WARNING * * *
Pikel attacks as he pursues you!
Pikel hits you with a +2 whip of electrocution.
You die...
Pikel says, "See you in Hell!"

#...# ##...#
..#.# ##...#
....# #.#..#
# #.#..##5#
#.#..K..#
#.##@####
#.##.##
#.##..##
######.##...#
####
#.......)...#
##_..
#.####.###..#
#_.(. #.# #.#
#..# ###..
#.# #.# #[.#
#.... #.# #.#
#..#######.
###..


You could see Pikel and a lemure.

Vanquished Creatures
  A lemure (D:4)
  A bombardier beetle (D:3)
  A hound (D:4)
  A jelly (D:4)
  Natasha (D:4)
  3 iguanas
  5 adders
  3 dart slugs
  An orc (D:4)
  2 ball pythons (D:1)
  8 endoplasms
  3 giant cockroaches
  3 goblins
  5 hobgoblins
  6 quokkas
  3 bats
  2 frilled lizards
  8 kobolds
57 creatures vanquished.

Vanquished Creatures (others)
  A kraken (D:1)
  A minotaur (D:1)
  2 demonspawn (D:1)
  A draconian (D:1)
  An armataur (D:1)
  2 spriggans (D:1)
  A naga (D:1)
  A tengu (D:1)
  2 onis (D:1)
  3 mummies (D:1)
  145 foxfires
  9 tentacles (D:1)
169 creatures vanquished.

Grand Total: 226 creatures vanquished

Notes
Turn   | Place    | Note
-------+----------+-------------------------------------------
     0 | D:1      | Flugkiller the Ghoul Fire Elementalist began the quest for
                  | the Orb.
     0 | D:1      | Reached XP level 1. HP: 14/14 MP: 3/3
     2 | D:1      | Noticed a minotaur
     2 | D:1      | Noticed a demonspawn
     2 | D:1      | Noticed a draconian
     2 | D:1      | Noticed a demonspawn
     2 | D:1      | Noticed a spriggan
     2 | D:1      | Noticed a naga
     2 | D:1      | Noticed a kraken
     2 | D:1      | Noticed an oni
     2 | D:1      | Noticed an armataur
     2 | D:1      | Noticed an oni
     2 | D:1      | Noticed a tengu
     2 | D:1      | Noticed a spriggan
     2 | D:1      | Noticed a minotaur
     7 | D:1      | Killed a naga
     9 | D:1      | Killed an armataur
    10 | D:1      | Killed a demonspawn
    11 | D:1      | Killed a demonspawn
    12 | D:1      | Killed a tengu
    13 | D:1      | Killed a minotaur
    13 | D:1      | Killed a spriggan
    15 | D:1      | Killed an oni
    16 | D:1      | Killed a spriggan
    16 | D:1      | Killed an oni
    18 | D:1      | Killed a draconian
    24 | D:1      | Killed a kraken
   206 | D:1      | Reached skill level 1 in Conjurations
   280 | D:1      | Reached XP level 2. HP: 5/20 MP: 0/4
   568 | D:1      | You fall into a shaft and drop 1 floor!
   715 | D:2      | Reached XP level 3. HP: 26/26 MP: 3/6
   915 | D:2      | Reached skill level 3 in Fire Magic
  1284 | D:2      | Found Saph's Assorted Antiques.
  1292 | D:2      | Bought a scroll labelled FEGROT INOCKAO for 28 gold pieces
  1292 | D:2      | Bought a scroll labelled KUMOFA MINOPTA for 28 gold pieces
  1497 | D:3      | Reached XP level 4. HP: 31/33 MP: 1/7
  1605 | D:3      | Reached XP level 5. HP: 26/38 MP: 4/8
  2022 | D:4      | Learned a level 2 spell: Scorch
  2026 | D:4      | Learned a level 3 spell: Inner Flame
  2042 | D:4      | Reached skill level 4 in Fire Magic
  2122 | D:4      | Reached XP level 6. HP: 35/45 MP: 10/10
  2149 | D:4      | Found an opulent altar of Gozag.
  2344 | D:4      | Noticed Natasha
  2360 | D:4      | Killed Natasha
  2550 | D:4      | Found a radiant altar of Vehumet.
  2553 | D:4      | Found a hazy altar of Hepliaklqana.
  2559 | D:4      | Found a shimmering altar of Xom.
  2560 | D:4      | Found a shimmering blue altar of Sif Muna.
  2563 | D:4      | Found an ancient bone altar of Kikubaaqudgha.
  2571 | D:4      | Became a worshipper of Vehumet
  2579 | D:4      | Found a sacrificial altar of Ru.
  2690 | D:4      | Noticed Pikel
  2696 | D:4      | Slain by Pikel

Illustrated notes

Levels and vault maps discovered:
D:1:      nicolae_arrival_kraken_aquarium_b, layout_loops_ring,
          nicolae_figureground_pulse
D:2:      layout_loops_ring, serial_shops, nicolae_shop_window_shopping,
          chequers_serial_rivers_small_b
D:3:      layout_rooms, minmay_tree_intersection
D:4:      layout_loops_ring, grunt_gozag_statues, minitemple, serial_shops,
          shop_statue, uniq_pikel, uniq_natasha

Skill      XL: |  1  2  3  4  5  6 |
---------------+-------------------+-----
Conjurations   | 1 2 |  2.4
Spellcasting   | 2 3 |  3.1
Fire Magic     | 3 4 |  4.4
Dodging        | |  1.7
Stealth        | |  2.1

Action                     |  1- 3 |  4- 6 || total
---------------------------+-------+-------++-------
  Melee: Unarmed           |    18 |       ||    18
         Dagger            |     5 |    79 ||    84
   Cast: Foxfire           |    55 |    31 ||    86
         Scorch            |       |     9 ||     9
    Use: Scroll            |     6 |     1 ||     7
         Potion            |     1 |     2 ||     3
   Stab: Sleeping          |       |     1 ||     1
 Armour: Robe              |    26 |    60 ||    86
  Dodge: Dodged            |    41 |    63 ||   104
